 Dungeon Crawl Stone Soup version 0.19.0-20-gbc5f0c6 (webtiles) character file.

480 sepiko the Chopper (level 6, 57/57 HPs)
             Began as a Minotaur Fighter on Nov 17, 2016.
             Quit the game in the Ecumenical Temple.
             The game lasted 00:12:26 (3630 turns).

sepiko the Chopper (Minotaur Fighter)               Turns: 3630, Time: 00:12:26

Health: 57/57      AC: 11    Str: 22    XL:     6   Next: 86%
Magic:  5/5        EV:  4    Int:  5    God:
Gold:   184        SH:  9    Dex: 12    Spells: 0 memorised, 5 levels left

rFire  . . .     SeeInvis .     a - +0 war axe
rCold  . . .     Gourm    .     o - +0 plate armour
rNeg   . . .     Faith    .     c - +0 shield
rPois  +         Spirit   .     (helmet restricted)
rElec  .         Reflect  .     (no cloak)
rCorr  .         Harm     .     (no gloves)
MR     .....                    (no boots)
Stlth  ..........               (no amulet)
                                n - +2 ring of dexterity
                                l - ring of poison resistance

@: no status effects
A: retaliatory headbutt, horns 2
a: no special abilities


You were in the Ecumenical Temple.
You were not hungry.

You visited 2 branches of the dungeon, and saw 5 of its levels.

You collected 184 gold pieces.

Inventory:

Hand Weapons
 a - a +0 war axe (weapon)
Missiles
 b - 11 bolts
Armour
 c - a +0 shield (worn)
 o - a +0 plate armour (worn)
Jewellery
 l - a ring of poison resistance (left hand)
 n - a +2 ring of dexterity (right hand)
Scrolls
 e - a scroll of immolation
 h - 3 scrolls of remove curse
 k - 10 scrolls of identify
 r - a scroll of amnesia
 v - a scroll of fear {unknown}
 w - 2 scrolls of enchant weapon {unknown}
 x - a scroll of teleportation
 z - a scroll of magic mapping {unknown}
Potions
 d - 3 potions of might
 j - 2 potions of cancellation {unknown}
 p - 2 potions of mutation
 s - a potion of cure mutation {unknown}
 u - a potion of curing {unknown}
Books
 y - a book of Cantrips

   Spells                             Type                      Level
   a - Confusing Touch                Hexes                        1
   b - Animate Skeleton               Necromancy                   1
   c - Summon Small Mammal            Summoning                    1
   d - Apportation                    Translocation                1
Comestibles
 f - 3 bread rations
 i - a royal jelly
 m - 6 fruits
 q - 5 meat rations
 t - a beef jerky


   Skills:
 * Level 6.2 Fighting
 + Level 7.3 Axes
 - Level 3.6 Armour
 - Level 3.6 Shields


You had 5 spell levels left.
You didn't know any spells.

Dungeon Overview and Level Annotations

Branches:
Dungeon (4/15)             Temple (1/1) D:4

Altars:
Ashenzari
Cheibriados
Dithmenos
Elyvilon
Fedhas
Gozag
Makhleb
Nemelex Xobeh
Qazlal
Ru
Uskayaw
Vehumet
Yredelemnul
Zin
The Shining One

Annotations:
D:4 asss's ghost, weakling DgFi


Innate Abilities, Weirdness & Mutations

You reflexively headbutt those who attack you in melee.
You have a pair of horns on your head.


Message History

Partly explored, can't reach some places.
Partly explored, can't reach some places.
Partly explored, can't reach some places.
There is a basalt altar of Yredelemnul here.
You start eating one of the 4 bread rations.
You continue eating. x2
You finish eating.
That bread ration really hit the spot!
You hit the plant but do no damage. You hit the plant.
The plant is lightly damaged.
Press: ? - help, . - travel You can't see that place. [a sacrificial altar of Ru.]
You hit the plant.
The plant is lightly damaged.
There is a glowing golden altar of the Shining One here.
Save game and exit?
Welcome back, sepiko the Minotaur Fighter.
Press ? for a list of commands and other information.
Are you sure you want to abandon this character and quit the game? (Confirm with "yes".)

♣♣♣♣♣ ♣♣♣ ♣♣♣♣♣♣♣ ♣♣...♣♣
♣♣♣♣.♣ ♣♣...♣.♣ ♣.....♣
♣♣...♣♣ ♣.....♣♣ ♣.._..♣
♣♣♣♣.....♣ ♣.._..♣
♣♣.....♣ ♣♣.......<♣
♣.....♣
♣P.@..♣♣♣♣.♣♣♣.....♣
♣♣...♣♣ ♣♣.♣♣♣♣ ♣.P♣
♣♣...♣♣ ♣♣.♣♣ ♣♣..♣♣
♣♣♣.♣♣ ♣♣♣♣♣ ♣..♣
♣♣..♣.♣♣♣P.♣♣ ♣♣.♣
♣.♣♣..♣♣..♣.♣♣♣♣♣
♣♣♣.♣♣♣♣♣.♣♣♣♣..♣♣♣♣....♣♣
♣.♣..♣P♣..♣♣ ♣♣♣.♣♣♣.....♣
♣♣♣.♣♣..♣...♣♣
♣♣♣.♣..._..♣
♣...♣♣♣......♣
♣.♣...♣....♣


There were no monsters in sight!

Vanquished Creatures
  Sigmund (D:3)
  An orc priest (D:3)
  An iguana (D:4)
  Jessica (D:3)
  Natasha (twice) (D:3)
  Robin (D:3)
  4 adders
  4 oozes
  3 worms (D:2)
  A dart slug (D:2)
  7 leopard geckos
  5 orcs (D:3)
  A ball python (D:2)
  9 bats
  6 giant cockroaches
  5 hobgoblins
  2 jackals (D:3)
  5 quokkas
  7 frilled lizards
  17 goblins
  14 kobolds
  7 rats
  3 plants (D:3)
107 creatures vanquished.

Notes
Turn   | Place    | Note
-------+----------+-------------------------------------------
     0 | D:1      | sepiko the Minotaur Fighter began the quest for the Orb.
     0 | D:1      | Reached XP level 1. HP: 19/19 MP: 0/0
    95 | D:1      | Reached skill level 3 in Axes
   152 | D:1      | Reached XP level 2. HP: 24/26 MP: 1/1
   331 | D:1      | Reached skill level 4 in Axes
   404 | D:1      | Reached XP level 3. HP: 23/31 MP: 2/2
   993 | D:2      | Reached skill level 5 in Axes
  1049 | D:2      | Reached XP level 4. HP: 38/39 MP: 3/3
  1637 | D:3      | Found a blossoming altar of Fedhas.
  1713 | D:3      | Found a glowing silver altar of Zin.
  1717 | D:3      | Reached skill level 6 in Axes
  1720 | D:3      | Noticed Natasha
  1743 | D:3      | Killed Natasha
  1743 | D:3      | Reached XP level 5. HP: 8/45 MP: 4/4
  1782 | D:3      | Noticed Sigmund
  2014 | D:3      | Killed Sigmund
  2014 | D:3      | Reached skill level 5 in Fighting
  2014 | D:3      | Reached XP level 6. HP: 44/56 MP: 5/5
  2045 | D:3      | Noticed Jessica
  2052 | D:3      | Killed Jessica
  2052 | D:3      | Reached skill level 7 in Axes
  2108 | D:3      | Noticed Robin
  2119 | D:3      | Killed Robin
  2298 | D:3      | Found a sparkling altar of Nemelex Xobeh.
  2619 | D:3      | Noticed Natasha
  2629 | D:3      | Killed Natasha
  2991 | D:4      | Noticed asss's ghost (weakling DgFi)
  3052 | D:4      | Found a staircase to the Ecumenical Temple.
  3062 | Temple   | Entered the Ecumenical Temple
  3630 | Temple   | Quit the game

Skill      XL: |  1  2  3  4  5  6 |
---------------+-------------------+-----
Axes           | 3 4 5 6 7 |  7.3
Fighting       | 5 6 |  6.2
Armour         | |  3.6
Shields        | |  3.6

Action                   |  1- 3 |  4- 6 || total
-------------------------+-------+-------++-------
Melee: War axe           |   113 |   208 ||   321
       Headbutt          |    15 |    48 ||    63
  Use: Scroll            |     2 |     5 ||     7
  Eat: Chunk             |     1 |     6 ||     7
       Bread ration      |       |     1 ||     1
Armor: Scale mail        |    17 |       ||    17
       Plate armour      |    69 |   102 ||   171
Dodge: Dodged            |    32 |    19 ||    51
Block: Shield            |    77 |   101 ||   178
